 Dungeon Crawl Stone Soup version 0.29-a0-542-g075992c915 (webtiles) character file.

Game seed: 18093087323237282494

3732 Bruhh the Grappler (level 9, -1/71 HPs)
             Began as a Troll Gladiator on June 3, 2022.
             Was a Follower of Elyvilon.
             Slain by Erica
             ... wielding a +3 scimitar of flaming
              (3 damage)
             ... on level 8 of the Dungeon.
             The game lasted 00:09:41 (7135 turns).

Bruhh the Grappler (Troll Gladiator)                Turns: 7135, Time: 00:09:42

Health: -1/71      AC:  6    Str: 28    XL:     9   Next: 92%
Magic:  8/8        EV: 10    Int:  4    God:    Elyvilon [*.....]
Gold:   309        SH:  0    Dex: 11    Spells: 8/8 levels left

rFire   + . .      SeeInvis .     - Unarmed
rCold   + + .      Faith    .   (no shield)
rNeg    . . .      Spirit   .   m - +2 robe {rC+}
rPois   +          Reflect  .   b - +0 hat
rElec   +          Harm     .   (no cloak)
rCorr   +          Rampage  .   (gloves unavailable)
Will    .....                   (boots unavailable)
Stlth   +.........              (no amulet)
HPRegen 1.01/turn               x - ring of flight
MPRegen 0.11/turn               (no ring)

@: resistant, attractive, flying, slowed, very slow
A: large, unfitting armour, claws 3, regeneration 1, shaggy fur 1, tough skin 1,
horns 1, frail 1, high MP 1, subdued magic 1
a: Renounce Religion, Purification


You were on level 8 of the Dungeon.
You worshipped Elyvilon.
Elyvilon was aware of your devotion.
You visited 2 branches of the dungeon, and saw 9 of its levels.

You collected 309 gold pieces.

Inventory:

Missiles
 c - 2 throwing nets
 d - a large rock
 n - 6 curare-tipped darts
 v - 3 javelins (quivered)
Armour
 a - a +0 robe
 b - a +0 hat (worn)
 m - a +2 robe of cold resistance (worn)
 r - the +2 robe of Hacud {Str+3 Int+3 Archmagi}
   (You found it on level 3 of the Dungeon)

   Str:       It affects your strength (+3).
   Int:       It affects your intelligence (+3).
   Archmagi:  It increases the power of your magical spells.
 t - a +0 kite shield
Jewellery
 k - an amulet of faith
 o - a ring of ice
 p - a ring of ice
 x - a ring of flight (left claw)
Wands
 e - a wand of iceblast (3)
 w - a wand of flame (18)
 A - a wand of paralysis (4)
 B - a wand of polymorph (6)
Scrolls
 g - a scroll of enchant weapon
 i - 5 scrolls of identify
Potions
 f - a potion of attraction
 u - 2 potions of resistance


   Skills:
 + Level 1.8 Fighting
 - Level 10.0 Throwing
 - Level 2.4 Dodging
 + Level 0.5 Shields
 - Level 10.0 Unarmed Combat


You had 8 spell levels left.
You didn't know any spells.
Your spell library contained the following spells:

 Spells                   Type           Power      Damage    Failure   Level
 Shock                    Conj/Air       0%         1d3       45%         1
 Static Discharge         Conj/Air       0%         N/A       61%         2
 Swiftness                Air            0%         N/A       83%         3
 Airstrike                Air            0%         N/A       99%         4
 Lightning Bolt           Conj/Air       0%         1d11      100%        5
 Maxwell's Capacitive Co  Air            0%         ∞         100%        8


Dungeon Overview and Level Annotations

Branches:
Dungeon (8/15)             Temple (1/1) D:6
   Lair: D:8-11

Altars:
Ashenzari
Cheibriados
Elyvilon
Fedhas
Gozag
Hepliaklqana
Kikubaaqudgha
Makhleb
Nemelex Xobeh
Qazlal
Ru
Sif Muna
Trog
Uskayaw
Vehumet
Wu Jian
Xom
Yredelemnul
Zin
The Shining One

Shops:
D:3 !   D:4 (

Annotations:
D:2 1 runed translucent door, Crazy Yiuf
D:8 Erica


Innate Abilities, Weirdness & Mutations

You are too large for most types of armour.
You have claws for hands.
Your natural rate of healing is unusually fast.
You are covered in fur. (AC +1)
You have tough skin. (AC +1)
You have a pair of small horns on your head.
You are frail. (-10% HP)
You have an increased reservoir of magic. (+10% MP)
Your spells are a little easier to cast, but a little less powerful.


Message History

You closely miss something. Your headbutt misses something. Something hits you.
You closely miss something. Something hits you. Something burns you.
You claw something! You barely miss something. Your headbutt misses something.
Something hits you! Something burns you.
You mangle something!!
You hear some strange, mumbled words.
Something tries to affect you, but you resist.
You closely miss something. Your headbutt misses something.
You hear some strange, mumbled words.
A bolt of poison appears from out of thin air!
The bolt of poison hits you!
You are poisoned.
You resist.
You feel better. Something hits you. Something burns you.
You claw something! You headbutt something. Something hits you.
* * * LOW HITPOINT WARNING * * *
Something burns you.
* * * LOW HITPOINT WARNING * * *
Unknown command.
Okay, then.
You barely miss something. Your headbutt misses something. Something hits you!
* * * LOW HITPOINT WARNING * * *
Something burns you.
* * * LOW HITPOINT WARNING * * *
Blink to where?
Press: ? - help, Dir - move target
As you read the scroll of blinking, it crumbles to dust.
Something is attracted toward you.
Something tries to affect you, but you resist.
Something is attracted toward you. Something is attracted toward you.
Okay, then.
You feel better.
You hear some strange, mumbled words.
You feel yourself slow down. Something hits you!!
* * * LOW HITPOINT WARNING * * *
Something burns you.
You die...

##.# #.## ..# #.#
#..# ..# #.### ##.##
..# ...(. #..##..#
#.#.# ##.##..# #.#.#
#..#..# #.#.#
##{#..#.######.#.#
#.@..#........#'##
#####...#####.......#
+.......# #.......#
#####.)######.......#
##>.....'.......##
#####.##..[......
#<#.#######.#.# #.#.#
#.#.# #.#.# #.#.#


There were no monsters in sight!

Vanquished Creatures
  Pikel (D:4)
  A vampire (D:7)
  Eustachio (D:5)
  Menkaure (D:5)
  A water moccasin (D:6)
  2 orc warriors
  A black bear (D:5)
  3 ice beasts
  2 ogres
  A centaur (D:5)
  A lemure (D:4)
  3 kobold brigands
  2 necrophages (D:6)
  2 bullfrogs
  3 scorpions
  A water moccasin zombie (D:5)
  9 killer bees
  A centaur zombie (D:5)
  2 hounds
  2 jellies (D:4)
  A gnoll shaman (D:6)
  2 orc priests
  Terence (D:2)
  Jessica (D:2)
  6 iguanas
  5 orc wizards
  3 scorpion zombies (D:5)
  6 gnolls
  6 adders
  A white imp (D:5)
  2 ufetubi (D:5)
  A worm (D:4)
  3 dart slugs
  19 orcs
  8 ball pythons
  5 bats
  2 endoplasms
  3 giant cockroaches
  3 goblins
  5 hobgoblins
  2 jackals (D:3)
  2 quokkas
  3 frilled lizards
  A goblin zombie (D:6)
  9 kobolds
  A quokka zombie (D:6)
  12 rats
153 creatures vanquished.

Notes
Turn   | Place    | Note
-------+----------+-------------------------------------------
     0 | D:1      | Bruhh the Troll Gladiator began the quest for the Orb.
     0 | D:1      | Reached XP level 1. HP: 19/19 MP: 0/0
   527 | D:1      | Reached XP level 2. HP: 26/27 MP: 1/1
   559 | D:1      | Found a faded altar of an unknown god.
  1046 | D:2      | Noticed Terence
  1057 | D:2      | Gained mutation: You have an increased reservoir of magic.
                  | (+10% MP) [potion of mutation]
  1057 | D:2      | Gained mutation: Your spells are a little easier to cast,
                  | but a little less powerful. [potion of mutation]
  1057 | D:2      | Gained mutation: You are frail. (-10% HP) [potion of
                  | mutation]
  1057 | D:2      | Gained mutation: You have a pair of small horns on your
                  | head. [potion of mutation]
  1059 | D:2      | Killed Terence
  1060 | D:2      | Reached XP level 3. HP: 25/29 MP: 2/2
  1126 | D:2      | Found a runed translucent door.
  1127 | D:2      | Noticed Crazy Yiuf
  1312 | D:2      | Noticed Jessica
  1323 | D:2      | Killed Jessica
  1324 | D:2      | Reached skill level 5 in Unarmed Combat
  1324 | D:2      | Reached XP level 4. HP: 36/36 MP: 3/3
  2297 | D:3      | Found Fojuxzov's Distillery.
  2398 | D:3      | Identified the +2 robe of Hacud {Str+3 Int+3 Archmagi}
  2804 | D:4      | Reached XP level 5. HP: 22/43 MP: 4/4
  2923 | D:4      | Reached XP level 6. HP: 49/49 MP: 5/5
  2966 | D:4      | Found Narr's Weapon Shoppe.
  3055 | D:4      | Found a shimmering altar of Xom.
  3218 | D:4      | Noticed Pikel
  3231 | D:4      | Killed Pikel
  3232 | D:4      | Reached XP level 7. HP: 52/55 MP: 6/6
  3288 | D:5      | Entered Level 5 of the Dungeon
  3379 | D:5      | Noticed Menkaure
  3397 | D:5      | Reached XP level 8. HP: 38/63 MP: 7/7
  3460 | D:5      | Killed Menkaure
  3517 | D:5      | Reached skill level 10 in Unarmed Combat
  3708 | D:5      | Found a basalt altar of Yredelemnul.
  3845 | D:5      | Noticed Eustachio
  3893 | D:5      | Killed Eustachio
  3894 | D:5      | Reached skill level 5 in Throwing
  4629 | D:5      | Reached XP level 9. HP: 61/68 MP: 8/8
  4933 | D:6      | Found a staircase to the Ecumenical Temple.
  5131 | Temple   | Entered the Ecumenical Temple
  6069 | D:7      | Found a sacrificial altar of Ru.
  6138 | D:7      | Found a white marble altar of Elyvilon.
  6141 | D:7      | Found a blossoming altar of Fedhas.
  6155 | D:7      | Became a worshipper of Elyvilon the Healer
  6226 | D:7      | Found a sparkling altar of Nemelex Xobeh.
  6662 | D:7      | Reached * piety under Elyvilon
  6812 | D:7      | Reached skill level 10 in Throwing
  7112 | D:8      | Noticed Erica
  7135 | D:8      | HP: 2/71 [something (18)]
  7135 | D:8      | Slain by Erica

Illustrated notes

Levels and vault maps discovered:
D:1:      erik_arrival_cave_to_civilisation [erik_arrival_cave_to_hall],
          layout_basic, shapermc_ecumenical_altar_mp_vishouse
D:2:      layout_loops_corners, serial_glass, glass_columns_a, glass_columns_c,
          glass_columns_a, glass_columns_a, glass_columns_c, glass_columns_c,
          glass_columns_b, glass_columns_b, minmay_rat_gold_closets,
          uniq_jessica, uniq_crazy_yiuf_cottage, uniq_terence
D:3:      layout_basic, serial_shops, shop,
          nicolae_concentric_dashed_squares_wild, chequers_arboretum
D:4:      layout_rooms, mainiacjoe_overflow_brackets, serial_curves,
          eino_curves_02, eino_curves_03, serial_shops, shop, uniq_pikel
D:5:      layout_basic, nicolae_yredelemnul_corpse_copse, uniq_eustachio,
          uniq_menkaure
D:6:      minmay_diamond_boxcup, layout_basic, minmay_temple_entry_butterflies,
          enter_ossuary_4, kennysheep_small_spiral
D:7:      layout_basic, chequers_temple_overflow_statue_of_worship,
          nemelex_spade_bored_becter
D:8:      layout_basic, uniq_erica
Temple:   eino_temple_water

Skill      XL: |  1  2  3  4  5  6  7  8  9 |
---------------+----------------------------+-----
Unarmed Combat | 4 5 6 9 10 | 10.0
Throwing       | 2 6 10 | 10.0
Fighting       | |  1.8
Dodging        | |  2.4
Shields        | |  0.5

Action                   |  1- 3 |  4- 6 |  7- 9 || total
-------------------------+-------+-------+-------++-------
Melee: Unarmed           |    63 |    86 |   270 ||   419
       Headbutt          |     4 |    14 |    36 ||    54
       Punch             |       |     2 |    10 ||    12
Throw: Javelin           |       |       |    19 ||    19
       Dart              |       |       |     1 ||     1
       Throwing net      |       |       |     1 ||     1
  Use: Potion            |     1 |     1 |    12 ||    14
       Scroll            |       |     1 |    13 ||    14
 Stab: Sleeping          |       |     3 |     1 ||     4
       Distracted        |       |       |     1 ||     1
Armor: Robe              |    27 |    25 |   101 ||   153
Dodge: Dodged            |    27 |    36 |   168 ||   231

Table legend: (Time is in decaauts)
 A = Elapsed time spent in this place.
 B = Non-inter-level travel time spent in this place.
 C = Inter-level travel time spent in this place.
 D = Time resting spent in this place.
 E = Time spent auto-exploring this place.
 F = Levels seen in this place.
 G = Mean time per level.
                   A        B        C        D        E       F      G
               +--------+--------+--------+--------+--------+-----+--------+
         Total |   7074 |   6752 |    322 |    448 |   5136 |   9 |  786.0 |
       Dungeon |   6621 |   6325 |    296 |    448 |   4724 |   8 |  827.6 |
        Temple |    453 |    427 |     26 |      0 |    412 |   1 |  453.0 |
               +--------+--------+--------+--------+--------+-----+--------+

Top non-repeatable levels by time:
     D:5: 1284 daAuts
     D:7: 978 daAuts
     D:6: 978 daAuts
     D:2: 965 daAuts
     D:1: 942 daAuts
     D:3: 871 daAuts
     D:4: 493 daAuts
  Temple: 453 daAuts
     D:8: 107 daAuts
